 Dungeon Crawl Stone Soup version 0.28-b1-70-g80dc712255 (webtiles) character file.

Game seed: 7202888390382321136

18679 crazypyro the Carver (level 12, 0/81 HPs)
             Began as a Demonspawn Fighter on Feb 3, 2022.
             Was an Initiate of Gozag.
             Constricted to death by Jorgrun (9 damage)
             ... on level 12 of the Dungeon.
             The game lasted 00:21:24 (11173 turns).

crazypyro the Carver (Demonspawn Fighter)          Turns: 11173, Time: 00:21:26

Health: 0/81       AC: 27    Str: 22    XL:     12   Next: 29%
Magic:  0/12       EV:  6    Int:  9    God:    Gozag
Gold:   1154       SH:  6    Dex: 15    Spells: 11/11 levels left

rFire   . . .      SeeInvis +   a - +6 long sword of Action {protect, rN+ Dex+2}
rCold   . . .      Faith    .   c - +0 buckler
rNeg    + + .      Spirit   +   p - +1 plate armour
rPois   .          Reflect  .   q - +0 helmet
rElec   .          Harm     .   r - +0 cloak
rCorr   .          Rampage  .   f - +0 pair of gloves
Will    .....                   (no boots)
Stlth   ..........              F - amulet of regeneration
HPRegen 1.83/turn               g - ring of positive energy
MPRegen 0.26/turn               u - ring of see invisible

@: mighty, grasped by roots, under a protective aura, constricted
A: hooves 2, foul stench 1, magic shield, magic regeneration, sharp scales 2,
camouflage 1, regeneration 1
a: Renounce Religion, Potion Petition, Call Merchant, Bribe Branch


You were on level 12 of the Dungeon.
You worshipped Gozag.
Gozag was most pleased with you.
You visited 1 branch of the dungeon, and saw 12 of its levels.

You collected 3755 gold pieces.
You spent 994 gold pieces at shops.
You paid 1607 gold pieces to Gozag.

Inventory:

Hand Weapons
 a - the +6 long sword of Action (weapon) {protect, rN+ Dex+2}
   (You bought it in a shop on level 5 of the Dungeon)

   It grants its wielder temporary protection when it strikes (+7 to AC).
   Dex:       It affects your dexterity (+2).
   rN:        It protects you from negative energy.
 b - the +6 hunting sling of the Sky {venom, rCorr MP+9}
   (You found it on level 9 of the Dungeon)

   Any ammunition fired from it poisons the flesh of those it strikes.
   MP:        It affects your magic capacity (+9).
   rCorr:     It protects you from acid and corrosion.
 d - a +4 flail
 m - the +11 broad axe of Demonkind {vorpal, +Blink rElec Dex-4}
   (You bought it in a shop on level 5 of the Dungeon)

   It inflicts extra damage upon your enemies.
   Dex:       It affects your dexterity (-4).
   rElec:     It insulates you from electricity.
   +Blink:    It lets you blink.
 D - a +0 long sword
Missiles
 l - 39 sling bullets
 B - a throwing net (quivered)
Armour
 c - a +0 buckler (worn)
 f - a +0 pair of gloves (worn)
 p - a +1 plate armour (worn)
 q - a +0 helmet (worn)
 r - a +0 cloak (worn)
 y - a +2 leather armour of cold resistance
Jewellery
 g - a ring of positive energy (left hand)
 i - a ring of protection from cold
 u - a ring of see invisible (right hand)
 x - an amulet of magic regeneration
 F - an amulet of regeneration (around neck)
 K - a ring of protection from cold
 Q - a +6 ring of dexterity
Wands
 t - a wand of flame (24)
 I - a wand of paralysis (6)
 P - a wand of charming (3)
Scrolls
 h - 4 scrolls of teleportation
 n - a scroll of identify
 C - 4 scrolls of enchant armour
 E - 4 scrolls of torment {unknown}
 H - 3 scrolls of magic mapping
 L - a scroll of noise {unknown}
 M - 2 scrolls of fear
 O - a scroll of immolation {unknown}
Potions
 e - 3 potions of lignification
 j - 3 potions of haste
 k - 2 potions of flight
 o - a potion of heal wounds
 v - a potion of brilliance {unknown}
 w - a potion of attraction {unknown}
 z - a potion of magic {unknown}
 A - 2 potions of mutation
 G - a potion of invisibility {unknown}
 J - 2 potions of curing {unknown}
Miscellaneous
 N - a phial of floods


   Skills:
 - Level 3.1 Fighting
 - Level 12.6 Long Blades
 + Level 4.6 Slings
 - Level 7.2 Armour
 - Level 6.3 Dodging
 - Level 7.2 Shields
 * Level 7.3 Evocations


You had 11 spell levels left.
You didn't know any spells.
Your spell library contained the following spells:

 Spells                   Type           Power      Damage    Failure   Level
 Beastly Appendage        Tmut           0%         N/A       100%        1
 Magic Dart               Conj           0%         1d3       100%        1
 Shock                    Conj/Air       0%         1d3       100%        1
 Slow                     Hex            0%         N/A       100%        1
 Call Imp                 Summ           0%         N/A       100%        2
 Wereblood                Tmut           0%         N/A       100%        2
 Call Canine Familiar     Summ           0%         N/A       100%        3
 Confusing Touch          Hex            0%         N/A       100%        3
 Mephitic Cloud           Conj/Pois/Air  0%         N/A       100%        3
 Portal Projectile        Hex/Tloc       0%         N/A       100%        3
 Spider Form              Tmut/Pois      0%         N/A       100%        3
 Swiftness                Air            0%         N/A       100%        3
 Vampiric Draining        Necr           0%         2d6       100%        3
 Airstrike                Air            0%         N/A       100%        4
 Animate Dead             Necr           0%         N/A       100%        4
 Leda's Liquefaction      Hex/Erth       0%         N/A       100%        4
 Olgreb's Toxic Radiance  Pois           0%         N/A       100%        4
 Borgnjor's Vile Clutch   Necr/Erth      0%         N/A       100%        5
 Freezing Cloud           Conj/Ice/Air   0%         6-21      100%        5
 Death Channel            Necr           0%         N/A       100%        6
 Simulacrum               Ice/Necr       0%         N/A       100%        6
 Ozocubu's Refrigeration  Ice            0%         4d5       100%        7
 Ignition                 Fire           0%         3d3       100%        8
 Polar Vortex             Ice            0%         N/A       100%        9


Dungeon Overview and Level Annotations

Branches:
Dungeon (12/15)            Temple (0/1) D:5            Lair (0/6) D:10
    Orc (0/2) D:11

Altars:
Cheibriados
Dithmenos
Elyvilon
Gozag
Makhleb
Nemelex Xobeh
Okawaru
Qazlal
Ru
Uskayaw
Vehumet
Xom
The Shining One

Shops:
D:5 (   D:6 ?   D:7 ?   D:9 (

Annotations:
D:9 2 transporters, crux's ghost, novice OpTm
D:12 Jorgrun


Innate Abilities, Weirdness & Mutations

You have hoof-like feet.
You may rarely emit foul miasma when damaged in melee.
When hurt, damage is shared between your health and your magic reserves.
You regenerate magic rapidly.
You are mostly covered in razor-sharp scales. (AC +2, Slay +2)
Your skin changes colour to match your surroundings (Stealth+).
Your natural rate of healing is unusually fast.


Message History

Jorgrun hits you but does no damage. The grasping roots constrict you.
You hit Jorgrun. You kick Jorgrun.
Jorgrun is lightly wounded.
You slash Jorgrun!
Jorgrun is moderately wounded.
Jorgrun hits you but does no damage. The grasping roots constrict you!!
You hit Jorgrun but do no damage. Your kick misses Jorgrun.
Jorgrun is moderately wounded.
Jorgrun casts a spell at you. You block the iron shot.
The grasping roots constrict you.
You hit Jorgrun but do no damage.
Jorgrun is moderately wounded.
Jorgrun hits you but does no damage. The grasping roots constrict you.
You hit Jorgrun. You kick Jorgrun, but do no damage.
Jorgrun is moderately wounded.
You closely miss Jorgrun. You kick Jorgrun, but do no damage.
Jorgrun is moderately wounded.
Jorgrun hits you with a +0 vorpal quarterstaff!
The grasping roots constrict you.
You hit Jorgrun but do no damage. Your kick misses Jorgrun.
Jorgrun is moderately wounded.
Jorgrun looks more healthy.
Jorgrun hits you with a +0 vorpal quarterstaff.
The grasping roots constrict you!
You are too injured to fight recklessly!
You are too injured to fight recklessly!
You feel very mighty all of a sudden. Jorgrun hits you but does no damage.
The grasping roots constrict you!
* * * LOW HITPOINT WARNING * * *
You closely miss Jorgrun.
Jorgrun is moderately wounded.
You block Jorgrun's attack. The grasping roots constrict you!
* * * LOW HITPOINT WARNING * * *
You barely miss Jorgrun.
Jorgrun is moderately wounded.
Jorgrun hits you with a +0 vorpal quarterstaff.
* * * LOW HITPOINT WARNING * * *
x2 The grasping roots constrict you!
You die...
Your body crumbles into a pile of gold.

### ##..( ######
########..... .....#
#.........(.. .....#
#.......^....
...(.#######.....g.^....
.....##....'....@...(...
.....'..####............
.....#### #.........^^.
.....# #............
.....# #...........^
.[.>.# #............
'##### #######...... .##
....^. ..# #... $


You could see Jorgrun.

Vanquished Creatures
  Gastronok (D:12)
  2 hydras
  5 two-headed ogres
  Urug (D:11)
  Pikel (D:5)
  An ugly thing (D:12)
  3 manticores (D:11)
  Joseph (D:7)
  3 gargoyles
  An unseen horror (D:11)
  2 komodo dragons (D:10)
  A troll (D:7)
  A hornet (D:6)
  A shadow (D:10)
  3 wyverns
  2 wraiths
  A vampire (D:10)
  A basilisk (D:10)
  11 yaks
  A steam dragon (D:8)
  Menkaure (D:5)
  A vampire mosquito (D:6)
  2 water moccasins (D:6)
  Duvessa (D:5)
  5 orc warriors
  2 acid dragons (D:10)
  3 black bears
  3 ice beasts (D:6)
  A hornet zombie (D:8)
  4 necrophages
  4 ogres
  6 centaurs
  A phantom (D:7)
  A bullfrog (D:6)
  3 scorpions
  3 wyvern zombies
  A gnoll sergeant (D:6)
  A wyvern skeleton (D:6)
  A water moccasin skeleton (D:4)
  A water moccasin zombie (D:6)
  Dowan (D:5)
  A killer bee (D:9)
  8 wights
  4 howler monkeys
  An electric eel (D:6)
  4 centaur zombies
  A centaur skeleton (D:6)
  3 hounds
  A bullfrog zombie (D:5)
  4 jellies
  2 gnoll shamans
  3 orc priests
  7 iguanas
  10 orc wizards
  2 killer bee zombies
  A hound skeleton (D:4)
  8 gnolls
  6 adders
  2 shadow imps (D:6)
  A white imp (D:5)
  An ufetubus (D:4)
  An adder skeleton (D:4)
  3 worms (D:2)
  2 dart slugs
  27 orcs
  7 ball pythons
  4 bats
  11 endoplasms
  3 giant cockroaches
  8 goblins
  3 hobgoblins
  4 jackals (D:1)
  8 kobolds
  6 quokkas
  6 frilled lizards
  7 rats
259 creatures vanquished.

Vanquished Creatures (others)
  A hobgoblin (D:3)
  9 fungi (D:5)
  2 plants (D:5)
12 creatures vanquished.

Grand Total: 271 creatures vanquished

Notes
Turn   | Place    | Note
-------+----------+-------------------------------------------
     0 | D:1      | crazypyro the Demonspawn Fighter began the quest for the
                  | Orb.
     0 | D:1      | Reached XP level 1. HP: 18/18 MP: 1/1
    58 | D:1      | Found a faded altar of an unknown god.
   200 | D:1      | Reached skill level 2 in Long Blades
   201 | D:1      | Gained mutation: You have large cloven feet. [demonic
                  | ancestry]
   201 | D:1      | Reached XP level 2. HP: 7/24 MP: 2/2
   679 | D:1      | You fall into a shaft and drop 1 floor!
   950 | D:1      | Gained mutation: You may rarely emit foul miasma when
                  | damaged in melee. [demonic ancestry]
   950 | D:1      | Reached XP level 3. HP: 29/29 MP: 3/3
  1767 | D:2      | Gained mutation: You have hoof-like feet. [demonic
                  | ancestry]
  1767 | D:2      | Reached XP level 4. HP: 31/35 MP: 4/4
  2333 | D:3      | Found a shadowy altar of Dithmenos.
  2336 | D:3      | Found an opulent altar of Gozag.
  2340 | D:3      | Found a radiant altar of Vehumet.
  2377 | D:3      | Became a worshipper of Gozag Ym Sagoz the Greedy
  2440 | D:3      | Reached skill level 1 in Dodging
  2540 | D:3      | Found a burning altar of Makhleb.
  2647 | D:3      | Found a sacrificial altar of Ru.
  2653 | D:3      | Found a sparkling altar of Nemelex Xobeh.
  2744 | D:3      | Found a shimmering altar of Xom.
  2759 | D:3      | Reached skill level 3 in Long Blades
  3121 | D:4      | Reached XP level 5. HP: 22/41 MP: 5/5
  3295 | D:4      | Noticed a necrophage
  3301 | D:4      | Killed a necrophage
  3302 | D:4      | Reached skill level 4 in Long Blades
  3322 | D:4      | Gained mutation: You are partially covered in razor-sharp
                  | scales. (AC +1, Slay +1) [demonic ancestry]
  3322 | D:4      | Reached XP level 6. HP: 44/47 MP: 6/6
  3363 | D:4      | Reached skill level 5 in Long Blades
  3772 | D:4      | Identified a scroll of acquirement
  3772 | D:4      | Acquired 930 gold pieces
  3818 | D:4      | Reached skill level 6 in Long Blades
  3818 | D:4      | Gained mutation: You regenerate magic rapidly. [demonic
                  | ancestry]
  3818 | D:4      | Reached XP level 7. HP: 29/52 MP: 7/7
  4054 | D:4      | Found a snail-covered altar of Cheibriados.
  4284 | D:5      | Entered Level 5 of the Dungeon
  4284 | D:5      | Noticed Menkaure
  4307 | D:4      | Reached skill level 7 in Long Blades
  4507 | D:5      | Bought a crude broad axe for 261 gold pieces
  4507 | D:5      | Identified the +11 broad axe of Demonkind {vorpal, +Blink
                  | rElec Dex-4} (You bought it in a shop on level 5 of the
                  | Dungeon)
  4508 | D:5      | Bought a smoking long sword for 246 gold pieces
  4508 | D:5      | Identified the +6 long sword of Action {protect, rN+ Dex+2}
                  | (You bought it in a shop on level 5 of the Dungeon)
  4659 | D:5      | Noticed Pikel
  4669 | D:5      | Killed Pikel
  4670 | D:5      | Reached skill level 8 in Long Blades
  4670 | D:5      | Gained mutation: When hurt, damage is shared between your
                  | health and your magic reserves. [demonic ancestry]
  4670 | D:5      | Reached XP level 8. HP: 47/58 MP: 8/8
  4709 | D:5      | Reached skill level 9 in Long Blades
  4862 | D:5      | Found a staircase to the Ecumenical Temple.
  5027 | D:5      | Noticed Duvessa
  5031 | D:5      | Noticed Dowan
  5036 | D:5      | Killed Duvessa
  5038 | D:5      | Killed Dowan
  5101 | D:5      | Killed Menkaure
  5102 | D:5      | Gained mutation: You are mostly covered in razor-sharp
                  | scales. (AC +2, Slay +2) [demonic ancestry]
  5102 | D:5      | Reached XP level 9. HP: 50/63 MP: 6/9
  5646 | D:6      | Found Ideadgh's Magic Scroll Shoppe.
  5654 | D:6      | Reached skill level 10 in Long Blades
  5741 | D:6      | Found a hide-covered altar of Uskayaw.
  6454 | D:7      | Noticed a troll
  6462 | D:7      | Killed a troll
  6463 | D:7      | Reached skill level 5 in Armour
  6492 | D:7      | Noticed a gargoyle
  6500 | D:7      | Killed a gargoyle
  6501 | D:7      | Reached skill level 5 in Shields
  6586 | D:7      | Noticed a gargoyle
  6592 | D:7      | Killed a gargoyle
  6630 | D:7      | Noticed Joseph
  6645 | D:7      | Killed Joseph
  6646 | D:7      | Reached XP level 10. HP: 51/70 MP: 8/10
  6676 | D:7      | Found Ighelir's Magic Scroll Shop.
  6683 | D:7      | Bought 3 scrolls of magic mapping for 126 gold pieces
  6939 | D:7      | Reached skill level 11 in Long Blades
  7132 | D:6      | Noticed a two-headed ogre
  7145 | D:6      | Killed a two-headed ogre
  7162 | D:6      | Noticed a two-headed ogre
  7163 | D:6      | Noticed a four-headed hydra
  7176 | D:6      | Killed a two-headed ogre
  7177 | D:6      | Reached skill level 5 in Dodging
  7183 | D:6      | Killed an eight-headed hydra
  7647 | D:8      | Gained mutation: Your skin changes colour to match your
                  | surroundings (Stealth+). [potion of mutation]
  7647 | D:8      | Gained mutation: Your natural rate of healing is unusually
                  | fast. [potion of mutation]
  7722 | D:8      | Reached XP level 11. HP: 72/75 MP: 11/11
  7779 | D:8      | Reached skill level 12 in Long Blades
  8009 | D:9      | Noticed crux's ghost (novice OpTm)
  8010 | D:9      | Found a transporter.
  8011 | D:9      | Found a transporter.
  8064 | D:9      | Identified the +6 hunting sling of the Sky {venom, rCorr
                  | MP+9}
  8105 | D:9      | Bought a runed great sword for 361 gold pieces
  8254 | D:9      | Found a stormy altar of Qazlal.
  8633 | D:10     | Entered Level 10 of the Dungeon
  8794 | D:10     | Found an iron altar of Okawaru.
  9186 | D:10     | Found a staircase to the Lair.
  9440 | D:11     | Noticed a two-headed ogre
  9444 | D:11     | Killed a two-headed ogre
  9445 | D:11     | Reached skill level 1 in Slings
  9445 | D:11     | Reached skill level 1 in Evocations
  9636 | D:11     | Noticed a two-headed ogre
  9656 | D:11     | Killed a two-headed ogre
  9708 | D:11     | Noticed Urug
  9720 | D:11     | Killed Urug
  9721 | D:11     | Reached skill level 5 in Evocations
 10498 | D:11     | Found a staircase to the Orcish Mines.
 10584 | D:11     | Reached XP level 12. HP: 79/81 MP: 12/12
 10722 | D:11     | Noticed a two-headed ogre
 10727 | D:11     | Killed a two-headed ogre
 10966 | D:12     | Noticed a six-headed hydra
 10994 | D:12     | Killed an eight-headed hydra
 11088 | D:12     | Noticed Gastronok
 11102 | D:12     | Killed Gastronok
 11140 | D:12     | Noticed Jorgrun
 11173 | D:12     | Constricted to death by Jorgrun

Illustrated notes

Levels and vault maps discovered:
D:1:      beargit_arrival_diablo_church, layout_basic,
          hellmonk_ecumenical_altar_run_dry
D:2:      layout_loops_ring
D:3:      layout_loops_ring, nicolae_overflow_crystal_walls,
          grunt_temple_overflow_diamond, xom_confusion_cloud,
          grunt_temple_overflow_open, minivault_23, minmay_misc_feat_hallway
D:4:      kennysheep_six_static_rooms, layout_basic,
          mainiacjoe_overflow_24_doors, serial_curves, eino_curves_02,
          eino_curves_04, minmay_small_thing
D:5:      layout_rooms, minmay_temple_entry_enclosed_plants, serial_aquarium,
          aquarium_bridge_long_joined [aquarium_subvault_bridge,
          aquarium_subvault_window, aquarium_subvault_bridge,
          aquarium_subvault_bridge, aquarium_subvault_window,
          aquarium_subvault_wall], aquarium_window_fake, aquarium_window_1,
          aquarium_window_1, aquarium_window_corner, aquarium_view_2d,
          aquarium_balcony_3a, uniq_pikel, uniq_menkaure, uniq_duvessa
D:6:      minmay_klotski, layout_basic,
          nicolae_uskayaw_murder_on_the_dancefloor, serial_shops,
          shop_fountains, chequers_serial_rivers_room_a, minivault_14,
          abandoned_shop
D:7:      layout_basic, serial_shops, nicolae_shop_window_shopping, uniq_joseph
D:8:      minmay_evil_eye, layout_rooms, elyvilon_altar_1
D:9:      layout_roguey, tso_metal_star, nicolae_qazlal_general_emergency,
          gammafunk_ghost_arena, kennysheep_generic_room_2
D:10:     layout_basic, okawaru_metal_pillars_3, erik_lair_dragon
D:11:     layout_roguey, orc_0_dummy, uniq_urug
D:12:     layout_roguey, minmay_holes, uniq_rupert, uniq_gastronok, uniq_jorgrun

Skill      XL: |  1  2  3  4  5  6  7  8  9 10 11 12 |
---------------+-------------------------------------+-----
Long Blades    | 2 3 4 6 8 9 10 11 12 | 12.6
Shields        | 3 4 5 6 7 |  7.2
Armour         | 3 4 5 6 7 |  7.2
Dodging        | 1 2 4 5 6 |  6.3
Slings         | 3 4 |  4.6
Evocations     | 5 7 |  7.3
Fighting       | |  3.1

Action                   |  1- 3 |  4- 6 |  7- 9 | 10-12 || total
-------------------------+-------+-------+-------+-------++-------
Melee: Long sword        |    97 |   136 |   174 |   415 ||   822
       Kick              |    16 |    33 |    49 |   156 ||   254
       Broad axe         |       |       |     1 |    11 ||    12
 Fire: Hunting sling     |       |       |       |    33 ||    33
Throw: Throwing net      |       |       |       |     1 ||     1
Invok: Call Merchant     |       |       |     1 |     1 ||     2
  Use: Scroll            |     1 |     3 |     2 |     8 ||    14
       Potion            |       |       |       |     3 ||     3
 Stab: Distracted        |       |     2 |       |     1 ||     3
Armor: Scale mail        |    55 |       |       |       ||    55
       Plate armour      |       |    98 |    86 |   240 ||   424
Dodge: Dodged            |    40 |    36 |    49 |   118 ||   243
Block: Buckler           |    26 |    21 |    26 |    99 ||   172
